AoeStats
← waLLefps.

Pilgrims

507065408Analyzed
4v4 RM · 16d ago on Sep 16, 2026· 32m 23s· 8 players
Game mode
Random Map
Map size
Large (8 player)
Population
200
Speed
Normal
Resources
Standard
Victory
Conquest
Starting age
Dark Age
Ending age
Imperial Age
RankedLock teamsTeams togetherTeam positionsShared explorationLock speedFull tech treeHidden civsTurbo modeCheats
Victory
Defeat
🇳🇱 Armenians · Netherlands
1530
+12
1495
+13
🇺🇸 Burgundians · United States
1452
+15
🇩🇰 Aztecs · Denmark
1435
+16
🇹🇷 Khmer · Türkiye
1453
-15
🇹🇷 Tupi · Türkiye
1444
-14
🇹🇷 Franks · Türkiye
1436
-14
🇵🇪 Berbers · Peru
1419
-13
Tameryig1t
7:10 Loom
7:41 Loom
12:14 Feudal Age
16:15 Castle Age
15:47 Double-Bit Axe
15:42 Horse Collar
18:52 Fletching
19:02 Padded Archer Armor
20:31 Bodkin Arrow
23:26 Wheelbarrow
30:10 Ballistics
34:04 Imperial Age
Maech_
8:02 Loom
10:12 Feudal Age
11:19 Double-Bit Axe
16:11 Wheelbarrow
15:31 Fletching
18:30 Castle Age
17:02 Horse Collar
20:09 Medium Warships
20:11 Town Watch
21:16 Bodkin Arrow
21:59 Arson
25:17 Light Cavalry
28:15 Hand Cart
30:13 Gold Mining
waLLefps.
11:56 Feudal Age
15:16 Forging
14:54 Double-Bit Axe
15:32 Fishing Lines
17:54 Loom
21:29 Castle Age
20:51 Stone Mining
22:36 Bow Saw
27:30 Wheelbarrow
26:59 Gillnets
30:44 Gold Mining
Tilikoglu
8:36 Loom
11:26 Feudal Age
12:09 Town Watch
12:14 Double-Bit Axe
15:37 Wheelbarrow
23:16 Castle Age
24:07 Scale Barding Armor
24:42 Fishing Lines
27:33 Chain Barding Armor
Pickel727
8:22 Loom
12:35 Double-Bit Axe
16:10 Feudal Age
20:14 Castle Age
18:27 Bow Saw
18:12 Town Watch
21:33 Wheelbarrow
21:38 Horse Collar
29:56 Hand Cart
29:27 Town Watch
29:45 Heavy Plow
33:34 Imperial Age
31:33 Scale Barding Armor
31:38 Forging
32:09 Crop Rotation
31:34 Gold Mining
31:38 Stone Mining
32:52 Two-Man Saw
Lord Longshaft
4:27 Loom
12:11 Feudal Age
16:52 Castle Age
16:17 Double-Bit Axe
24:33 Stone Mining
24:52 Horse Collar
25:15 Fletching
27:17 Sanctity
26:59 Town Watch
28:29 Wheelbarrow
31:04 Fervor
32:00 Redemption
33:06 Hand Cart
Thundernips, The Ultimate Gigolo
9:07 Feudal Age
13:41 Castle Age
11:39 Double-Bit Axe
13:31 Wheelbarrow
15:08 Bow Saw
15:57 Loom
17:10 Hand Cart
18:57 Fervor
19:11 Horse Collar
23:19 Imperial Age
21:13 Squires
21:18 Stone Mining
21:18 Gold Mining
22:00 Fletching
22:42 Ballistics
23:26 Bodkin Arrow
24:55 Gold Shaft Mining
25:05 Guilds
25:07 Heavy Plow
26:37 Chemistry
26:40 Bracer
26:58 Padded Archer Armor
27:20 Conscription
27:27 Onager
29:09 Leather Archer Armor
30:16 Elite Composite Bowman
31:40 Hoardings
31:26 Elite Composite Bowman
32:05 Murder Holes
33:27 Ring Archer Armor
is it pink?
10:08 Feudal Age
10:46 Loom
14:17 Castle Age
13:19 Double-Bit Axe
14:00 Horse Collar
15:52 Scale Mail Armor
16:33 Fervor
17:58 Forging
20:58 Chain Mail Armor
21:16 Sanctity
23:40 Bow Saw
24:40 Gold Mining
26:51 Iron Casting
27:14 Gold Shaft Mining
29:59 Squires
29:44 Arson
33:02 Imperial Age
31:08 Wheelbarrow
Connection lost

Rejoining the realm…

Still unreachable

The connection could not be restored.

Session expired

The server has moved on; the page needs a fresh start.